 Dungeon Crawl Stone Soup version 0.16.2-2-g470672f (webtiles) character file.

455 monobi the Ducker (level 6, -11/47 HPs)
             Began as a Demonspawn Gladiator on Sept 3, 2015.
             Killed by nerve-wracking pain
             ... invoked by an orc priest
              (14 damage)
             ... on level 3 of the Dungeon.
             The game lasted 00:14:36 (2815 turns).

monobi the Ducker (Demonspawn Gladiator)            Turns: 2815, Time: 00:14:36

Health: -11/47     AC: 11    Str: 21    XL:     6   Next: 76%
Magic:  6/6        EV: 12    Int: 10    God:
Gold:   194        SH:  0    Dex: 12    Spells: 0 memorised, 5 levels left

rFire  + . .     SeeInvis .     a - +1 trident
rCold  x . .     Clarity  .     l - +0 ring mail
rNeg   . . .     SustAb   .     (no shield)
rPois  .         Gourm    .     c - +1 helmet
rElec  +         Spirit   .     (no cloak)
rCorr  .         Warding  .     (no gloves)
rMut   .         Stasis   .     (no boots)
MR     .....                    (no amulet)
Stlth  ++........               (no ring)
                                n - ring of fire

@: about to teleport, not resistant to hostile enchantments, unstealthy
A: rough black scales 1, demonic guardian 1, nightstalker 1, electricity
resistance, strong 2
a: no special abilities


You were on level 3 of the Dungeon.
You were not hungry.

You visited 1 branch of the dungeon, and saw 3 of its levels.

You collected 194 gold pieces.

Inventory:

Hand weapons
 a - a +1 trident (weapon)
Missiles
 d - 3 throwing nets (quivered)
Armour
 c - a +1 helmet (worn)
 l - a +0 ring mail (worn)
Jewellery
 n - a ring of fire (left hand)
Magical devices
 i - a wand of fireball (4)
Scrolls
 b - a scroll of random uselessness {unknown}
 g - a scroll of identify
Comestibles
 f - a bread ration
 o - a meat ration
 p - a beef jerky
 q - 3 fruits
 r - 3 chunks of flesh


   Skills:
 + Level 3.4 Fighting
 + Level 4.1 Polearms
 + Level 2.1 Throwing
 + Level 2.6 Armour
 + Level 4.4 Dodging
 + Level 1.1 Stealth


You had 5 spell levels left.
You didn't know any spells.

Dungeon Overview and Level Annotations

Branches:
Dungeon (3/15)

Altars:
Sif Muna


Innate Abilities, Weirdness & Mutations

You are partially covered in rough black scales (AC +4, Dex -1).
A weak demonic guardian rushes to your aid.
You are slightly more attuned to the shadows.
You are resistant to electric shocks.
Your muscles are very strong. (Str +4)


Message History

The orc priest hits you but does no damage.
You hit the orc priest.
The orc priest is moderately wounded.
The orc priest's eyes start to glow.
You hit the orc priest.
The orc priest is moderately wounded.
The orc priest invokes the aid of Beogh against you.
Something smites you!
* * * LOW HITPOINT WARNING * * *
You barely miss the orc priest.
The orc priest is moderately wounded.
The orc priest closely misses you.
Read which item? (? for menu, Esc to quit)
As you read the scroll of teleportation, it crumbles to dust.
You feel strangely unstable.
The orc priest hits you with a hand axe.
* * * LOW HITPOINT WARNING * * *
The orc priest mumbles some strange prayers to Beogh against you.
Pain shoots through your body!
You die...

#.###............. #.# #.#
#....(.###.#.# #.# #.#
#...(.##......
###.######.###..#..........
...
...........##..###..(..#.#
...###..............#
#.#.###.#
.....%...######..###.#
#.#[###.#
...#.#.#.######..# #.#
#....##.#
#.....%...[..oo.@.#
#.###.....#.#
#...#.#.#.#######.#
#.##........#
#.........#######.#
#...........#
...#.#.#.........#
####.......##
.>......o.########
###....### ?......o.#
#.>..... ######...#
####.### .....# #.# #
#....# #.# #


You could see an orc priest and an orc.

Vanquished Creatures
  Grinder (D:3)
  The ghost of monobi the Cudgeler, an average DsGl of Nemelex Xobeh (D:3)
  An orc priest (D:3)
  A jelly (D:3)
  Robin (D:3)
  6 adders
  A giant mite (D:3)
  3 worms
  3 giant geckos
  2 orcs (D:3)
  3 giant cockroaches
  19 goblins
  6 hobgoblins
  11 jackals
  9 kobolds
  A ball python (D:2)
  6 bats
  5 giant newts
  7 rats
87 creatures vanquished.

Vanquished Creatures (others)
  A crimson imp (D:3)
  3 quasits (D:3)
  A white imp (D:3)
  An ufetubus (D:3)
6 creatures vanquished.

Grand Total: 93 creatures vanquished

Notes
Turn   | Place    | Note
--------------------------------------------------------------
     0 | D:1      | monobi, the Demonspawn Gladiator, began the quest for the Orb.
     0 | D:1      | Reached XP level 1. HP: 16/16 MP: 1/1
   110 | D:1      | Gained mutation: A weak demonic guardian rushes to your aid. [demonic ancestry]
   110 | D:1      | Reached XP level 2. HP: 9/22 MP: 2/2
   143 | D:1      | Reached skill level 3 in Dodging
   450 | D:1      | Gained mutation: You are partially covered in rough black scales (AC +4, Dex -1). [demonic ancestry]
   450 | D:1      | Reached XP level 3. HP: 8/27 MP: 3/3
  1502 | D:2      | Reached XP level 4. HP: 23/34 MP: 4/4
  1615 | D:2      | Reached skill level 1 in Armour
  1939 | D:3      | Reached skill level 4 in Dodging
  1942 | D:3      | Noticed Grinder
  1952 | D:3      | Paralysed by Grinder for 5 turns
  1974 | D:3      | Paralysed by Grinder for 6 turns
  1982 | D:3      | Gained mutation: Your muscles are strong. (Str +2) [potion of mutation]
  1982 | D:3      | Gained mutation: You are resistant to electric shocks. [potion of mutation]
  1982 | D:3      | Gained mutation: Your muscles are very strong. (Str +4) [potion of mutation]
  2000 | D:3      | Killed Grinder
  2000 | D:3      | Reached XP level 5. HP: 5/41 MP: 5/5
  2000 | D:3      | Gained mutation: You are slightly more attuned to the shadows. [demonic ancestry]
  2000 | D:3      | Reached XP level 6. HP: 5/47 MP: 6/6
  2297 | D:3      | Noticed Robin
  2345 | D:3      | Killed Robin
  2400 | D:3      | Noticed monobi's ghost (average DsGl)
  2429 | D:3      | Killed monobi's ghost
  2647 | D:3      | Found a deep blue altar of Sif Muna.
  2706 | D:3      | Reached skill level 1 in Stealth
  2815 | D:3      | Killed from afar by an orc priest

Action                   |  1- 3 |  4- 6 || total
-------------------------+-------+-------++-------
Melee: Trident           |   197 |   180 ||   377
Throw: Throwing net      |       |     6 ||     6
  Use: Potion            |     1 |     4 ||     5
       Scroll            |       |     8 ||     8
 Stab: Sleeping          |     2 |     2 ||     4
       Distracted        |       |     1 ||     1
  Eat: Chunk             |     2 |     5 ||     7
